 Dungeon Crawl Stone Soup version 0.18.1-48-g4cf74bf (webtiles) character file.

9899 DungeonyCrawlthano the Markscentaur (level 11, 0/86 HPs)
             Began as a Centaur Hunter on Aug 13, 2016.
             Was an Elder of Okawaru.
             Slain by a giant gecko (1 damage)
             ... on level 11 of the Dungeon.
             The game lasted 00:36:01 (14275 turns).

DungeonyCrawlthano the Markscentaur (CeHu)         Turns: 14275, Time: 00:36:02

Health: 0/86       AC: 24    Str: 16    XL:     11   Next: 29%
Magic:  0/11       EV:  7    Int: 10    God:    Okawaru [****..]
Gold:   434        SH:  0    Dex: 12    Spells: 0 memorised, 10 levels left

rFire  + . .     SeeInvis .     j - +2 hand axe (elec)
rCold  + . .     Gourm    .     q - +4 ring mail {rF+}
rNeg   . . .     Faith    .     (no shield)
rPois  .         Spirit   +     E - +0 helmet
rElec  .         Dismiss  .     y - -1 cloak
rCorr  .         Reflect  .     z - +2 pair of gloves
SustAt .         Harm     .     b - +4 centaur barding {rC+}
MR     .....                    k - amulet of guardian spirit
Stlth  ..........               (no ring)
                                (no ring)

@: confused, very quick, not resistant to hostile enchantments, extremely
unstealthy
A: hooves 3, deformed body, speed 2, tough skin 3
a: Heroism, Renounce Religion


You were on level 11 of the Dungeon.
You worshipped Okawaru.
Okawaru was greatly pleased with you.
You were not hungry.

You visited 2 branches of the dungeon, and saw 12 of its levels.
You also visited: Ice Cave.

You collected 521 gold pieces.
You spent 87 gold pieces at shops.

Inventory:

Hand Weapons
 a - a +2 shortbow
 j - a +2 hand axe of electrocution (weapon)
Missiles
 d - 102 arrows
Armour
 b - a +4 centaur barding of cold resistance (worn)
 q - a +4 ring mail of fire resistance (worn)
 y - a -1 cloak (worn)
 z - a +2 pair of gloves (worn)
 E - a +0 helmet (worn)
Jewellery
 k - an amulet of guardian spirit (around neck)
 t - an uncursed amulet of the gourmand {unknown}
Wands
 s - a wand of acid (15/15)
 v - a wand of lightning (8/15)
 x - a wand of acid (5/15)
Scrolls
 m - a scroll of enchant weapon
 r - 3 scrolls of remove curse
 u - 3 scrolls of teleportation
 B - 2 scrolls of recharging
Potions
 e - a potion of agility
 g - a potion of mutation
 h - 4 potions of flight
 i - 7 potions of heal wounds
 o - 6 potions of curing
 p - 3 potions of haste
 w - a potion of lignification {unknown}
 C - 2 potions of might {unknown}
 D - a potion of ambrosia {unknown}
Comestibles
 c - 12 fruits
 f - 5 bread rations
 l - 3 meat rations


   Skills:
 - Level 5.1 Fighting
 - Level 7.4 Axes
 - Level 15.4 Bows
 - Level 6.3 Armour
 + Level 3.2 Dodging
 - Level 0.5 Stealth


You had 10 spell levels left.
You didn't know any spells.

Dungeon Overview and Level Annotations

Branches:
Dungeon (11/15)            Temple (1/1) D:7            Lair (0/8) D:11
    Orc (0/2) D:10

Altars:
Ashenzari
Cheibriados
Dithmenos
Elyvilon
Fedhas
Gozag
Kikubaaqudgha
Makhleb
Nemelex Xobeh
Okawaru
Pakellas
Qazlal
Ru
Sif Muna
Trog
Vehumet
Xom
Yredelemnul
Zin
The Shining One

Shops:
D:4 *   D:6 *


Innate Abilities, Weirdness & Mutations

You have hooves in place of feet.
Armour fits poorly on your strangely shaped body.
You cover ground very quickly.
You have extremely tough skin (AC +3).


Message History

You hit the cyclops. You kick the cyclops, but do no damage.
The cyclops is almost dead.
The cyclops hits you!
You hit the cyclops but do no damage.
The cyclops is almost dead.
The cyclops hits you!
You're too confused to move!
You bump into the rock wall.
The cyclops hits you!!
* * * LOW HITPOINT WARNING * * *
Unknown command.
You completely miss the cyclops. You kick the cyclops, but do no damage.
The cyclops is almost dead.
You hit the giant gecko but do no damage.
You miss the vampire. The giant gecko barely misses you.
The vampire hits you but does no damage.
The vampire bites you but does no damage.
The cyclops hits you!
* * * LOW HITPOINT WARNING * * *
The giant gecko bites you.
You die...

*,*,,,,,,,,,,,,,,,,,*********,
*,*,,,,,,,,**#.#**,,,,,,,,,,,,
****,,,***,,,***#.# **,*********,
,,,,,,,,,,,,,+,,#.###*,*********,
*##******#,,,*,*#.#..,,,,,,,,,**,
#..,,,,,,,..,*,*#.#.#*,******,**,
#.######*###.#,*#.#.#*,#*,,,,,**,
#.......,?.....##.#.##.##..,,,**,
#.......,......C@V(........,,,,,,
#.....,,,......l#.#.##.##.,,,,***
#..###########..#.#.#*,**,,,,,**,
.........,,,......#.#*,******,**,
#..#####***###.####.#*,* *,**,
#......##*####....#.##.# *,**,
#>.......,.............# ****,**,
#..#.####*####..#.#.##.#**,,,,,,,
#..#.#******##..#.#.##.#*,,,,,**,


You could see a cyclops, a vampire and a giant gecko.

Vanquished Creatures
  The ghost of agrajag the Protected, a novice MiFi of Okawaru (D:10)
  The ghost of CountDeLaPain the Covert, a novice OpVM (D:8)
  Pikel (D:5)
  2 ugly things
  2 cyclopes
  2 trolls
  A two-headed ogre (D:11)
  A wyvern (D:11)
  Eustachio (D:5)
  A shadow (D:11)
  3 yaks (D:11)
  A hippogriff (D:8)
  A hungry ghost (D:6)
  Edmund (D:4)
  3 orc warriors
  3 ice beasts
  A black bear (D:10)
  2 sky beasts
  A phantom (D:6)
  7 ogres
  2 centaurs (D:9)
  2 crocodiles
  5 big kobolds
  4 giant frogs
  2 gnoll sergeants (D:10)
  2 scorpions
  11 killer bees
  5 wights (D:8)
  A howler monkey (D:7)
  5 crimson imps
  5 hounds
  7 orc wizards
  2 jellies
  4 orc priests
  Crazy Yiuf (D:6)
  A centaur skeleton (D:8)
  2 giant frog skeletons
  3 iguanas
  9 worker ants
  A killer bee zombie (D:6)
  A hound zombie (D:10)
  A howler monkey zombie (D:10)
  A worker ant zombie (D:6)
  A gnoll (D:10)
  7 adders
  3 river rats (D:11)
  2 shadow imps
  12 white imps (D:11)
  6 adder skeletons
  7 worms
  A dart slug (D:1)
  5 giant geckos
  35 orcs
  6 giant cockroaches
  2 hobgoblins (D:2)
  2 jackals (D:9)
  21 kobolds
  4 quokkas
  A ball python (D:2)
  26 bats
  A giant gecko skeleton (D:8)
  6 giant newts
  10 goblins
  A quokka zombie (D:6)
  18 rats
  6 fungi
  A plant (D:11)
297 creatures vanquished.

Vanquished Creatures (collateral kills)
  A phantom (D:4)
  An orc wizard (D:4)
  An orc (D:4)
3 creatures vanquished.

Vanquished Creatures (others)
  An ogre (D:6)
  A giant frog zombie (D:6)
  A giant frog skeleton (D:6)
  2 fungi (D:11)
  3 plants (D:11)
8 creatures vanquished.

Grand Total: 308 creatures vanquished

Notes
Turn   | Place    | Note
--------------------------------------------------------------
     0 | D:1      | DungeonyCrawlthano the Centaur Hunter began the quest for the Orb.
     0 | D:1      | Reached XP level 1. HP: 17/17 MP: 1/1
   330 | D:1      | Reached XP level 2. HP: 15/24 MP: 2/2
   466 | D:1      | Reached skill level 6 in Bows
  1284 | D:2      | Found a glowing golden altar of the Shining One.
  1731 | D:2      | Reached XP level 3. HP: 6/29 MP: 3/3
  2093 | D:2      | Reached skill level 7 in Bows
  2794 | D:3      | Reached XP level 4. HP: 28/36 MP: 4/4
  3034 | D:3      | Reached skill level 8 in Bows
  3749 | D:4      | Found a snail-covered altar of Cheibriados.
  3762 | D:4      | Found Ziodiminn's Assorted Antiques.
  3769 | D:4      | Bought a scroll labeled COSTUL POOCAL for 29 gold pieces
  3769 | D:4      | Bought a scroll labeled LUEHO UPHOI for 29 gold pieces
  3776 | D:4      | Noticed a phantom
  3781 | D:4      | Reached skill level 1 in Axes
  3785 | D:4      | Reached XP level 5. HP: 37/41 MP: 5/5
  3785 | D:4      | Killed a phantom
  4022 | D:4      | Reached XP level 6. HP: 38/48 MP: 3/6
  4128 | D:4      | Reached skill level 9 in Bows
  4342 | D:4      | Found an ancient bone altar of Kikubaaqudgha.
  4345 | D:4      | Noticed Edmund
  4414 | D:4      | Killed Edmund
  4481 | D:4      | Reached skill level 10 in Bows
  4481 | D:4      | Reached XP level 7. HP: 55/55 MP: 7/7
  4665 | D:4      | Bought a scroll labeled IPILIGRO KEPTOY for 29 gold pieces
  4671 | D:5      | Entered Level 5 of the Dungeon
  4682 | D:5      | Noticed Eustachio
  4699 | D:5      | Killed Eustachio
  5045 | D:5      | Found a deep blue altar of Sif Muna.
  5197 | D:6      | Noticed Pikel
  5367 | D:5      | Killed Pikel
  5367 | D:5      | Reached skill level 11 in Bows
  5367 | D:5      | Reached XP level 8. HP: 61/61 MP: 8/8
  5499 | D:6      | Reached skill level 12 in Bows
  6336 | D:6      | Found Exaawe's General Store.
  6430 | D:6      | Noticed Crazy Yiuf
  6437 | D:6      | Killed Crazy Yiuf
  6494 | D:7      | Found a staircase to the Ecumenical Temple.
  6519 | D:7      | Reached skill level 5 in Axes
  6704 | D:6      | Reached XP level 9. HP: 53/67 MP: 7/9
  7465 | Temple   | Entered the Ecumenical Temple
  7707 | Temple   | Became a worshipper of Warmaster Okawaru
  8101 | D:7      | Found a blossoming altar of Fedhas.
  8116 | D:7      | Found a radiant altar of Vehumet.
  8480 | D:8      | Noticed CountDeLaPain's ghost (novice OpVM)
  8492 | D:8      | Reached skill level 5 in Armour
  8749 | D:8      | Reached * piety under Okawaru
  8967 | D:8      | Killed CountDeLaPain's ghost
  8967 | D:8      | Reached ** piety under Okawaru
  8967 | D:8      | Reached skill level 13 in Bows
  9299 | D:8      | Noticed a cyclops
  9324 | D:8      | Killed a cyclops
  9324 | D:8      | Reached skill level 14 in Bows
  9324 | D:8      | Reached XP level 10. HP: 29/73 MP: 5/10
 10416 | D:9      | Noticed a green ugly thing
 10517 | D:9      | Killed a green ugly thing
 10517 | D:9      | Reached *** piety under Okawaru
 11010 | D:10     | Entered Level 10 of the Dungeon
 11207 | D:10     | Noticed a green ugly thing
 11253 | D:10     | Killed a green ugly thing
 11253 | D:10     | Reached skill level 15 in Bows
 11694 | D:10     | Noticed agrajag's ghost (novice MiFi)
 12041 | D:10     | Killed agrajag's ghost
 12629 | D:10     | Found a staircase to the Orcish Mines.
 13039 | D:10     | Reached **** piety under Okawaru
 13050 | D:10     | Reached XP level 11. HP: 79/85 MP: 11/11
 13136 | D:11     | Reached skill level 5 in Fighting
 13230 | D:11     | Received a gift from Okawaru
 13789 | D:11     | Found a frozen archway.
 13852 | IceCv    | Entered an ice cave
 14275 | D:11     | HP: 1/86 [cyclops (9)]
 14275 | D:11     | Slain by a giant gecko

Skill      XL: |  1  2  3  4  5  6  7  8  9 10 11 |
---------------+----------------------------------+-----
Bows           | 6 7 8 10 11 12 14 15 | 15.4
Axes           | 1 3 5 6 7 |  7.4
Armour         | 3 5 6 |  6.3
Dodging        | 3 |  3.2
Fighting       | 4 5 |  5.1
Stealth        | |  0.5

Action                   |  1- 3 |  4- 6 |  7- 9 | 10-12 || total
-------------------------+-------+-------+-------+-------++-------
Melee: Short sword       |    48 |       |       |       ||    48
       Kick              |    33 |    19 |    52 |    96 ||   200
       Whip              |    57 |       |       |       ||    57
       Flail             |    23 |       |       |       ||    23
       Hand axe          |    12 |   104 |   304 |   382 ||   802
 Fire: Shortbow          |    37 |    21 |   160 |   260 ||   478
Invok: Heroism           |       |       |       |     3 ||     3
  Use: Scroll            |     7 |     6 |     7 |     7 ||    27
  Eat: Chunk             |     2 |     3 |     9 |     6 ||    20
       Bread ration      |     1 |       |     2 |     1 ||     4
       Beef jerky        |       |       |     1 |     1 ||     2
       Meat ration       |       |       |     1 |       ||     1
Armor: Leather armour    |    68 |    66 |    49 |       ||   183
       Ring mail         |       |       |   187 |   334 ||   521
Dodge: Dodged            |    62 |    40 |   102 |   150 ||   354
